 Dungeon Crawl Stone Soup version 0.31-a0-358-gac0dbeb3ab (webtiles) character file.

Game seed: 14951569903571175210

15920 Newt the Mimic (level 12, 0/190 HPs)
             Began as a Grey Draconian Shapeshifter on July 25, 2023.
             Was a Priest of the Shining One.
             Succumbed to a water moccasin's poison
             ... on level 10 of the Dungeon.
             The game lasted 00:23:12 (16817 turns).

Newt the Mimic (Grey Draconian Shapeshifter)       Turns: 16817, Time: 00:23:13

Health: 0/190      AC:  9    Str: 27    XL:     12   Next: 5%
Magic:  19/19      EV: 11    Int:  8    God:    the Shining One [***...]
Gold:   226        SH:  0    Dex: 13    Spells: 18/21 levels left

rFire   + . .        B - melded +2 glaive (heavy)
rCold   . . .        (shield currently unavailable)
rNeg    + . .        (body armour unavailable)
rPois   .            (helmet currently unavailable)
rElec   .            (cloak currently unavailable)
rCorr   .            (gloves currently unavailable)
SInv    .            (boots currently unavailable)
Will    .....        (no amulet) Stlth
                     z - ring of protection from fire
HPRegen 0.51/turn    (no ring)
MPRegen 0.16/turn

%: no passive effects
@: berserking, lethally poisoned (0 -> -7), snake-form, glowing, studying
Fighting, very quick
A: constrict, boosted hp, AC +13, amphibious, large, unfitting armour,
(cold-blooded)
a: Begin Untransformation, Renounce Religion, Divine Shield, Cleansing Flame


You were on level 10 of the Dungeon.
You worshipped the Shining One.
The Shining One was most pleased with you.
You were an enormous anaconda.
You visited 3 branches of the dungeon, and saw 13 of its levels.
You also visited: Bailey.

You collected 634 gold pieces.
You spent 408 gold pieces at shops.

Inventory:

Hand Weapons
 h - a +1 spear
 A - a +3 halberd
 B - a +2 heavy glaive (melded)
Missiles
 j - 4 atropa-tipped darts
 p - 13 poisoned darts
 y - 7 throwing nets
Armour
 c - a +0 cloak
 g - a scarf of invisibility
 i - a +2 helmet
 m - a +0 pair of gloves
 E - a +1 pair of boots
Jewellery
 k - a ring of ice
 z - a ring of protection from fire (left hand)
Talismans
 b - a beast talisman
 t - a talisman of death
 F - a serpent talisman
Wands
 l - a wand of quicksilver (16)
 q - a wand of paralysis (20)
 s - a wand of iceblast (35)
 v - a wand of mindburst (15)
Scrolls
 f - a scroll of revelation
 n - 2 scrolls of silence
 o - a scroll of enchant armour
 u - 2 scrolls of enchant weapon
 C - 3 scrolls of teleportation
 G - 2 scrolls of identify
 I - a scroll of amnesia
Potions
 e - a potion of brilliance
 r - a potion of haste
 x - 2 potions of might
 H - a potion of magic {unknown}
Miscellaneous
 D - a sack of spiders


   Skills:
 - Level 10.0 Fighting
 - Level 6.0 Polearms
 - Level 5.0 Dodging
 - Level 3.0 Unarmed Combat
 - Level 5.0 Spellcasting
 - Level 6.4 Translocations
 - Level 6.2 Air Magic
 + Level 10.6 Shapeshifting


You had 18 spell levels left.
You knew the following spells:

 Your Spells              Type           Power      Damage    Failure   Level
a - Vhi's Electric Charg  Tloc/Air       24%        N/A       6%          3

Your spell library contained the following spells:

 Spells                   Type           Power      Damage    Failure   Level
 Apportation              Tloc           24%        N/A       1%          1
 Volatile Blastmotes      Fire/Tloc      14%        2d11      22%         3
 Necrotise                Necr           8%         1d4       26%         1
 Slow                     Hex            8%         N/A       26%         1
 Summon Small Mammal      Summ           8%         N/A       26%         1
 Confusing Touch          Hex            2%         N/A       61%         3
 Dazzling Flash           Conj/Hex       4%         N/A       61%         3
 Vampiric Draining        Necr           2%         2d6       61%         3
 Arcjolt                  Conj/Air       3%         1d13      90%         5
 Cause Fear               Hex            1%         N/A       95%         4
 Fireball                 Conj/Fire      1%         3d3       100%        5
 Plasma Beam              Fire/Air       3%         2x1d13    100%        6
 Starburst                Conj/Fire      1%         6d3       100%        6
 Maxwell's Capacitive Co  Air            5%         ∞         100%        8
 Dragon's Call            Summ           1%         N/A       100%        9


Dungeon Overview and Level Annotations

Branches:
Dungeon (11/15)            Temple (1/1) D:4            Lair (1/5) D:10
    Orc (0/2) D:9          Bailey (visited)

Altars:
Cheibriados
Dithmenos
Elyvilon
Fedhas
Gozag
Hepliaklqana
Kikubaaqudgha
Makhleb
Nemelex Xobeh
Okawaru
Qazlal
Ru
Sif Muna
Trog
Uskayaw
Vehumet
Wu Jian
Xom
Yredelemnul
Zin
The Shining One

Shops:
D:6 *   D:7 :   D:11 :


Innate Abilities, Weirdness & Mutations

You are an enormous anaconda.
You have a powerful constriction melee attack.
Your maximum health is increased.
Your armour is entirely melded.
You are incapable of wielding weapons or throwing items.
((Your dull iron-grey scales are very hard. (AC +13)))
You are amphibious.
You cannot fit into any form of body armour.
((You are cold-blooded and may be slowed by cold attacks.))


Message History

You are lethally poisoned!
The cane toad poisons you!
* * * LOW HITPOINT WARNING * * *
You feel very sick.
The water moccasin bites you but does no damage.
The bullfrog misses you.
You feel better. The water moccasin bites you!
* * * LOW HITPOINT WARNING * * *
You are lethally poisoned!
The water moccasin poisons you!
Okay, then.
It was a potion of berserk rage.
A red film seems to cover your vision as you go berserk!
You feel yourself moving faster!
You feel mighty!
* * * LOW HITPOINT WARNING * * *
You feel very sick.
The bullfrog hits you but does no damage.
The water moccasin bites you but does no damage.
The cane toad stings you! The Shining One protects you from harm!
The bullfrog hits you but does no damage.
The water moccasin bites you but does no damage.
Okay, then.
You lash the water moccasin!
You kill the water moccasin!
* * * LOW HITPOINT WARNING * * *
You feel sick. The bullfrog barely misses you.
The cane toad stings you but does no damage.
Unknown command.
You lash the cane toad! You grab the cane toad.
The cane toad is lightly wounded.
You constrict the cane toad.
* * * LOW HITPOINT WARNING * * *
You feel sick. The bullfrog hits you.
* * * LOW HITPOINT WARNING * * *
Unknown command.
You hit the cane toad.
The cane toad is moderately wounded.
You constrict the cane toad, but do no damage.
You die...

#_## _# #...# # ...8 ..8## #...#
# .... ...####.[)# # ....
...8#.#.[[# # .... ...##.....# #
...8 ..8####...# # #_## ###...# #
##########....)##################
...............†S>...............
########.......FF................
#..#..####################
#..#.........###
########..#...PPP.....###########
.............P...P.P..P..........
.........P..P..P..P.P....P.......
........P..P..P(P..P.P.......<...
..........P....PP.....P.P..######


You could see a cane toad and a bullfrog.

Vanquished Creatures
  A centaur warrior (D:11)
  A two-headed ogre (D:10)
  Nergalle (D:10)
  Pikel (D:7)
  A cyclops (D:11)
  A gargoyle (D:11)
  An unseen horror (D:11)
  A cane toad (D:10)
  A rime drake (Lair:1)
  5 komodo dragons
  Grinder (D:3)
  3 dream sheep (D:9)
  A wraith (D:10)
  A wyvern (D:8)
  18 yaks
  2 shadows (D:10)
  Eustachio (D:4)
  A steam dragon (D:8)
  2 acid dragons
  5 water moccasins
  Duvessa (D:6)
  4 black bears
  An ice beast (D:6)
  5 orc warriors
  2 ogres (D:7)
  12 wolves
  3 centaurs
  2 kobold brigands
  A phantom (D:4)
  7 bullfrogs
  2 scorpions
  8 gnoll sergeants (Bailey)
  3 wights (D:8)
  5 killer bees
  Dowan (D:6)
  3 howler monkeys
  5 electric eels (D:8)
  A quasit (D:8)
  A jelly (D:4)
  6 hounds
  9 gnoll boudas
  5 orc priests
  5 iguanas
  3 sleepcaps
  Natasha (thrice) (D:3)
  12 orc wizards
  Robin (D:3)
  19 gnolls
  6 adders
  3 shadow imps
  3 ufetubi
  A worm (D:2)
  4 dart slugs
  45 orcs
  8 ball pythons
  2 endoplasms
  A giant cockroach (D:1)
  14 goblins
  6 hobgoblins
  3 jackals (D:2)
  2 quokkas
  5 bats
  2 frilled lizards (D:1)
  9 kobolds
  5 rats
298 creatures vanquished.

Notes
Turn   | Place    | Note
-------+----------+-------------------------------------------
     0 | D:1      | Newt the Draconian Shapeshifter began the quest for the
                  | Orb.
     0 | D:1      | Reached XP level 1. HP: 16/16 MP: 1/1
    99 | D:1      | Reached XP level 2. HP: 24/25 MP: 2/2
   520 | D:2      | Reached XP level 3. HP: 27/31 MP: 3/3
   740 | D:2      | You fall into a shaft and drop 2 floors!
   776 | D:4      | Reached skill level 1 in Polearms
   776 | D:4      | Reached XP level 4. HP: 5/40 MP: 4/4
   780 | D:4      | HP: 2/60 [orc/+0 war axe (3)]
  1065 | D:4      | Found a staircase to the Ecumenical Temple.
  1165 | D:4      | Noticed Eustachio
  1200 | D:4      | Killed Eustachio
  1201 | D:4      | Reached XP level 5. HP: 10/46 MP: 5/5
  1276 | D:4      | Noticed an orc warrior
  1306 | D:4      | HP: 1/46 [orc/+0 club (4)]
  1737 | D:3      | Noticed Robin
  1742 | D:3      | Reached XP level 6. HP: 52/52 MP: 6/6
  1785 | D:3      | Killed Robin
  2053 | D:3      | Noticed Grinder
  2073 | D:3      | Killed Grinder
  2366 | D:3      | Noticed Natasha
  2374 | D:3      | Killed Natasha
  2375 | D:3      | Reached skill level 5 in Shapeshifting
  2378 | D:3      | Your scales start taking on a dull iron-grey colour.
  2378 | D:3      | Reached XP level 7. HP: 54/59 MP: 7/7
  2532 | D:3      | Noticed Natasha
  2545 | D:3      | Killed Natasha
  2553 | D:3      | Noticed Natasha
  2561 | D:3      | Killed Natasha
  4456 | Temple   | Entered the Ecumenical Temple
  4467 | Temple   | Became a worshipper of the Shining One
  4496 | D:5      | Entered Level 5 of the Dungeon
  4634 | D:5      | Reached XP level 8. HP: 66/66 MP: 8/8
  4840 | D:5      | Found a snail-covered altar of Cheibriados.
  5301 | D:6      | Found a bloodstained altar of Trog.
  5301 | D:6      | Found a burning altar of Makhleb.
  5301 | D:6      | Found a sacrificial altar of Ru.
  5372 | D:6      | Found Tixtunyt's General Store.
  5383 | D:6      | Noticed Duvessa
  5383 | D:6      | Noticed Dowan
  5399 | D:6      | Killed Duvessa
  5400 | D:6      | Reached skill level 5 in Dodging
  5402 | D:6      | Killed Dowan
  5663 | D:6      | Reached skill level 5 in Polearms
  6536 | D:7      | Reached XP level 9. HP: 62/72 MP: 9/9
  6586 | D:7      | Noticed Pikel
  6613 | D:7      | Killed Pikel
  6962 | D:7      | Found a blossoming altar of Fedhas.
  6962 | D:7      | Found a shimmering blue altar of Sif Muna.
  7286 | D:7      | Found Paaxku Nousm's Book Boutique.
  7292 | D:7      | Bought a book of Lightning for 408 gold pieces
  7608 | D:8      | Reached * piety under the Shining One
  7960 | D:8      | Reached XP level 10. HP: 35/83 MP: 10/10
  8399 | D:8      | Reached skill level 10 in Shapeshifting
  9277 | D:8      | Reached skill level 1 in Spellcasting
  9277 | D:8      | Reached skill level 1 in Air Magic
  9851 | D:9      | Found a flagged portal.
  9869 | Bailey   | Entered a bailey
 10482 | Bailey   | Learned a level 3 spell: Vhi's Electric Charge
 11579 | Bailey   | Reached ** piety under the Shining One
 12152 | D:9      | Reached skill level 5 in Spellcasting
 12262 | D:9      | Found a staircase to the Orcish Mines.
 12571 | D:9      | Reached XP level 11. HP: 65/92 MP: 11/18
 12908 | D:9      | Reached skill level 10 in Fighting
 12909 | D:9      | Reached skill level 1 in Translocations
 13131 | D:10     | Entered Level 10 of the Dungeon
 13140 | D:10     | Noticed Nergalle
 13746 | D:10     | Killed Nergalle
 13922 | D:10     | Reached skill level 5 in Translocations
 14026 | D:10     | Found a sparkling altar of Nemelex Xobeh.
 14062 | D:10     | Noticed a two-headed ogre
 14062 | D:10     | Reached *** piety under the Shining One
 14067 | D:10     | Killed a two-headed ogre
 14283 | D:10     | Found a staircase to the Lair.
 14555 | Lair:1   | Entered Level 1 of the Lair of Beasts
 14659 | D:10     | Reached skill level 5 in Air Magic
 14661 | D:10     | HP: 1/118 [komodo dragon (28)]
 14671 | D:10     | HP: 5/118 [wolf (4)]
 15066 | D:10     | Found an ancient bone altar of Kikubaaqudgha.
 15087 | D:11     | Noticed a centaur warrior
 15097 | D:11     | Killed a centaur warrior
 15477 | D:11     | Found Peotitajo's Book Boutique.
 16129 | D:10     | Found an opulent altar of Gozag.
 16160 | Lair:1   | Reached XP level 12. HP: 106/106 MP: 15/19
 16813 | D:10     | HP: 6/127 [water moccasin (7)]
 16814 | D:10     | The Shining One protects you from harm!
 16816 | D:10     | HP: 2/190 [bullfrog (1)]
 16817 | D:10     | Succumbed to a water moccasin's poison

Illustrated notes

Levels and vault maps discovered:
D:1:      minmay_arrival_semitransparent, layout_rooms
D:2:      layout_basic
D:3:      layout_basic, uniq_natasha, uniq_grinder, uniq_robin
D:4:      layout_basic, minmay_temple_entry_drinking_statues, uniq_eustachio
D:5:      layout_basic, kennysheep_slug_shrine
D:6:      layout_loops_corners, minitemple, serial_shops, nicolae_shop_trees,
          uniq_duvessa
D:7:      hellmonk_crumbling_castle, layout_rooms, jmf_multi_god_temple,
          serial_shops, nicolae_shop_temple_entry_statues_fountains, uniq_pikel
D:8:      nicolae_moon_pools, layout_layer_cave, serial_demonic,
          serial_demonic_g, serial_demonic_d, serial_demonic_f, serial_demonic_a
D:9:      kennysheep_spiral_hall, layout_basic, david_orc_2, enter_bailey_2,
          dreamdust_gnoll_shepherd
D:10:     layout_long_grid, nicolae_overflow_hidden_temple,
          due_lair_maze_entry_diamond, uniq_nergalle
D:11:     layout_rooms, serial_shops, shop, gauntlet_entry_generic
Temple:   nicolae_temple_bog_church
Lair:1:   layout_misc_corridors, basic_altar, grunt_megastairs_5

Skill      XL: |  1  2  3  4  5  6  7  8  9 10 11 |
---------------+----------------------------------+-----
Fighting       | 2 3 4 6 7 10 | 10.0
Polearms       | 1 3 6 |  6.0
Dodging        | 3 5 |  5.0
Shapeshifting  | 5 6 7 9 10 | 10.6
Spellcasting   | 5 |  5.0
Air Magic      | 4 6 |  6.2
Translocations | 6 |  6.4
Unarmed Combat | |  3.0

Action                     |  1- 3 |  4- 6 |  7- 9 | 10-12 || total
---------------------------+-------+-------+-------+-------++-------
  Melee: Unarmed           |    27 |       |       |   140 ||   167
         Tailslap          |     1 |    11 |    48 |    28 ||    88
         Spear             |    52 |   145 |   380 |   186 ||   763
         Punch             |       |     4 |     6 |     6 ||    16
         Glaive            |       |       |       |    94 ||    94
         Halberd           |       |       |       |    45 ||    45
         Constrict         |       |       |       |    34 ||    34
   Cast: Vhi's Electric Ch |       |       |       |    21 ||    21
  Evoke: Wand              |       |       |     3 |     4 ||     7
    Use: Scroll            |     5 |     3 |     7 |    12 ||    27
         Potion            |     1 |     1 |       |     6 ||     8
 Armour: Skin              |    17 |    53 |    93 |   193 ||   356
  Dodge: Dodged            |    48 |    89 |   177 |   365 ||   679
   Form: Anaconda          |       |       |       |     1 ||     1

Table legend: (Time is in decaauts)
 A = Elapsed time spent in this place.
 B = Non-inter-level travel time spent in this place.
 C = Inter-level travel time spent in this place.
 D = Time resting spent in this place.
 E = Time spent auto-exploring this place.
 F = Levels seen in this place.
 G = Mean time per level.
                   A        B        C        D        E       F      G
               +--------+--------+--------+--------+--------+-----+--------+
         Total |  16857 |  16220 |    637 |   6524 |   7357 |  14 | 1204.1 |
       Dungeon |  14535 |  13922 |    613 |   4966 |   7068 |  11 | 1321.4 |
        Temple |     22 |      1 |     21 |      0 |      0 |   1 |   22.0 |
          Lair |     46 |     44 |      2 |      0 |     10 |   1 |   46.0 |
        Bailey |   2253 |   2253 |      0 |   1558 |    279 |   1 | 2253.0 |
               +--------+--------+--------+--------+--------+-----+--------+

Top non-repeatable levels by time:
     D:8: 2433 daAuts
  Bailey: 2253 daAuts
    D:10: 2187 daAuts
     D:9: 1983 daAuts
     D:3: 1640 daAuts
     D:4: 1388 daAuts
     D:6: 1355 daAuts
     D:2: 1020 daAuts
     D:7: 776 daAuts
    D:11: 667 daAuts
     D:5: 651 daAuts
     D:1: 431 daAuts
  Lair:1: 46 daAuts
  Temple: 22 daAuts
